 Dungeon Crawl Stone Soup version 0.29-a0-275-g389c0b56f3 (webtiles) character file.

Game seed: 16806876753965101594

225 croobank the Sneak (level 5, -4/21 HPs)
             Began as a Felid Fire Elementalist on Mar 11, 2022.
             Was an Initiate of Vehumet.
             Slain by a scorpion (5 damage)
             ... on level 6 of the Dungeon.
             The game lasted 00:13:25 (5904 turns).

croobank the Sneak (Felid Fire Elementalist)        Turns: 5904, Time: 00:13:26

Health: -4/21      AC:  2    Str:  3 (4)  XL:     5   Next: 68%
Magic:  3/10       EV: 18    Int: 17 (18) God:    Vehumet [......]
Gold:   227        SH:  0    Dex: 14 (17) Spells: 3/10 levels left
                                        Lives:  0   Deaths: 1

rFire   + . .      SeeInvis +   (weapon unavailable)
rCold   . . .      Faith    .   (shield unavailable)
rNeg    . . .      Spirit   .   (body armour unavailable)
rPois   .          Reflect  .   (helmet unavailable)
rElec   .          Harm     .   (cloak unavailable)
rCorr   .          Rampage  .   (gloves unavailable)
Will    .....                   (boots unavailable)
Stlth   +++.......              (no amulet)
HPRegen 0.07/turn               f - ring of protection from fire
MPRegen 0.12/turn               (no ring)

@: quick
A: very small, claws 1, fangs 3, see invisible, speed 1, shaggy fur 2, stealthy
paws, no weapons or thrown items, no armour, multi-lived
a: Renounce Religion


You were on level 6 of the Dungeon.
You worshipped Vehumet.
Vehumet was noncommittal.
You visited 2 branches of the dungeon, and saw 7 of its levels.

You collected 227 gold pieces.

Inventory:

Missiles
 b - 93 stones
Jewellery
 f - a ring of protection from fire (left paw)
Scrolls
 c - 2 scrolls of identify
 h - a scroll of magic mapping
Potions
 a - a potion of magic
 i - a potion of mutation
 j - a potion of resistance


   Skills:
 + Level 4.7 Dodging
 + Level 5.0 Stealth
 + Level 3.3 Spellcasting
 + Level 2.6 Conjurations
 + Level 3.8 Fire Magic


You had 3 spell levels left.
You knew the following spells:

 Your Spells              Type           Power      Damage    Failure   Level
a - Foxfire               Conj/Fire      52%        2x1d6     4%          1
b - Scorch                Fire           30%        2d6       5%          2
c - Flame Wave            Conj/Fire      13%        2d6       41%         4

Your spell library contained the following spells:

 Spells                   Type           Power      Damage    Failure   Level
 Conjure Flame            Conj/Fire      13%        6-21      14%         3
 Sting                    Tmut/Pois      8%         1d3       17%         1
 Inner Flame              Hex/Fire       9%         N/A       24%         3
 Poisonous Vapours        Pois/Air       4%         N/A       26%         2
 Olgreb's Toxic Radiance  Pois           2%         N/A       86%         4


Dungeon Overview and Level Annotations

Branches:
Dungeon (6/15)             Temple (1/1) D:4

Altars:
Ashenzari
Cheibriados
Dithmenos
Fedhas
Gozag
Hepliaklqana
Kikubaaqudgha
Makhleb
Nemelex Xobeh
Qazlal
Ru
Uskayaw
Vehumet
Wu Jian
Xom
Yredelemnul
Zin

Shops:
D:3 (((:   D:4 [

Annotations:
D:4 1 runed translucent door, riojii's ghost, novice DDFi
D:5 Edmund; Sigmund


Innate Abilities, Weirdness & Mutations

You have sharp claws.
You have razor-sharp teeth.
You have supernaturally acute eyesight. (SInv)
You cover ground quickly. (Speed+)
You are covered in thick fur. (AC +2)
Your paws help you pounce on unaware monsters.
You are incapable of wielding weapons or throwing items.
You cannot wear armour.
You gain extra lives every three experience levels.


Message History

The yak attacks as you move away! The yak misses you.
You bump into the stone wall.
The yak barely misses you.
You feel less confused. The necrophage barely misses you.
You scratch the necrophage but do no damage.
Your bite misses the necrophage. The yak misses you. x2
The necrophage closely misses you.
The necrophage attacks as you move away!
The necrophage closely misses you. The yak attacks as you move away!
The yak gores you. The scorpion stings you.
You are poisoned.
The scorpion poisons you!
You feel sick. The necrophage barely misses you.
The scorpion attacks as you move away! The scorpion completely misses you.
You feel sick.
It was a potion of degeneration.
There was something very wrong with that liquid.
You feel weakened.
You feel dopey.
You feel clumsy.
You feel sick. The scorpion closely misses you.
Okay, then.
Okay, then.
The scorpion attacks as you move away! The scorpion completely misses you.
The necrophage attacks as you move away!
The necrophage closely misses you.
You feel sick. The scorpion attacks as you move away! The scorpion stings you.
* * * LOW HITPOINT WARNING * * *
x2 You feel sick.
The scorpion attacks as you move away! The scorpion completely misses you.
Found a stone staircase leading down.
It was a potion of curing.
You feel better. The scorpion completely misses you.
The necrophage attacks as you move away!
The necrophage completely misses you. The scorpion attacks as you move away!
The scorpion stings you.
* * * LOW HITPOINT WARNING * * *
The scorpion attacks as you move away! The scorpion barely misses you.
Found a scroll labelled PYUNTI REPRUGA.
The scorpion attacks as you move away! The scorpion barely misses you.
An orc and a jelly come into view.
The scorpion attacks as you move away! The scorpion stings you.
You die...

... #..#Y.........
#.###.#Y.?........
#.....#.#.....#...
#.#.....Y.....#...
####....##Y....#... .
###......Y.Y...###....
.........n#Y#..# #..
.###....s...#.....
#......@...........
....................
.................>..
#...................
.................
J#......?........
................
..o............


You could see 5 yaks, a necrophage, a scorpion, a jelly (asleep) and an orc
(asleep).

Vanquished Creatures
  A scorpion (D:3)
  A hound (D:5)
  2 jellies (D:4)
  An iguana (D:5)
  4 gnolls (D:2)
  8 adders
  A worm (D:3)
  3 dart slugs
  11 orcs
  9 ball pythons
  7 bats
  5 endoplasms
  3 giant cockroaches
  6 goblins
  2 hobgoblins (D:2)
  3 jackals (D:3)
  2 quokkas
  4 frilled lizards
  8 kobolds
  5 rats
86 creatures vanquished.

Vanquished Creatures (others)
  128 foxfires
128 creatures vanquished.

Grand Total: 214 creatures vanquished

Notes
Turn   | Place    | Note
-------+----------+-------------------------------------------
     0 | D:1      | croobank the Felid Fire Elementalist began the quest for
                  | the Orb.
     0 | D:1      | Reached XP level 1. HP: 7/7 MP: 4/4
    46 | D:1      | Reached skill level 1 in Conjurations
   322 | D:1      | Reached skill level 3 in Stealth
   322 | D:1      | Reached XP level 2. HP: 11/11 MP: 3/6
   358 | D:1      | Learned a level 2 spell: Scorch
  1209 | D:2      | Reached XP level 3. HP: 12/14 MP: 0/7
  1695 | D:2      | Reached XP level 4. HP: 18/18 MP: 3/8
  1828 | D:2      | Learned a level 4 spell: Flame Wave
  2804 | D:3      | Reached skill level 4 in Stealth
  3146 | D:3      | Noticed a scorpion
  3246 | D:3      | Found Sozapih's Book Shop.
  3267 | D:3      | Reached XP level 5. HP: 21/21 MP: 4/10
  3324 | D:3      | Found a shimmering altar of Xom.
  3724 | D:3      | Found Haonov's Antique Weapon Shoppe.
  3852 | D:3      | Found Fygy's Weapon Shop.
  4045 | D:3      | Found Tuajas's Weapon Shop.
  4219 | D:3      | Found a faded altar of an unknown god.
  4659 | D:4      | Gained mutation: You are covered in thick fur. (AC +2)
                  | [Felid growth]
  4659 | D:4      | Reached XP level 6. HP: 24/24 MP: 5/11
  4795 | D:4      | Noticed riojii's ghost (novice DDFi)
  4807 | D:4      | Found a runed translucent door.
  5065 | D:4      | Found Fagrobax's Antique Armour Shoppe.
  5136 | D:4      | Found a staircase to the Ecumenical Temple.
  5188 | Temple   | Entered the Ecumenical Temple
  5230 | Temple   | Became a worshipper of Vehumet
  5520 | D:4      | Found a glowing silver altar of Zin.
  5520 | D:4      | Noticed an angel
  5614 | D:5      | Entered Level 5 of the Dungeon
  5714 | D:5      | Noticed Sigmund
  5716 | D:5      | Noticed Edmund
  5729 | D:5      | Mangled by Sigmund
  5730 | D:5      | Reached XP level 5. HP: -6/21 MP: 5/10
  5798 | D:5      | Found a basalt altar of Yredelemnul.
  5809 | D:5      | Reached skill level 5 in Stealth
  5883 | D:6      | Noticed a yak
  5883 | D:6      | Noticed a yak
  5883 | D:6      | Noticed a yak
  5883 | D:6      | Noticed a yak
  5883 | D:6      | Noticed a yak
  5895 | D:6      | HP: 1/21 [poisoned by a scorpion]
  5904 | D:6      | Slain by a scorpion

Illustrated notes

Levels and vault maps discovered:
D:1:      roderic_octagonal_star, layout_basic
D:2:      layout_basic, minmay_tiny_reverse_x
D:3:      layout_basic, mainiacjoe_overflow_paths,
          shapermc_ecumenical_altar_pompeii, serial_shops, shop,
          nicolae_shop_crystal, shop, shop
D:4:      layout_gridville, zin_angel, minmay_temple_entry_fiery, serial_shops,
          shop, hellmonk_ghost_happy_afterlife, minmay_circle_x
D:5:      layout_loops_ring, mainiacjoe_overflow_catwalk, serial_shops, shop,
          sigmund_edmund_badplayer
D:6:      layout_rooms, nzn_overflow_gifts_of_might_and_magic,
          kennysheep_nondescript, nicolae_concentric_dashed_squares_wild,
          nicolae_shop_sticking_my_neck_out
Temple:   compressed_dpeg_circular_temple

Skill      XL: |  1  2  3  4  5 |
---------------+----------------+-----
Conjurations   | 1 2 |  2.6
Stealth        | 3 4 5 |  5.0
Dodging        | 3 4 |  4.7
Fire Magic     | 3 |  3.8
Spellcasting   | 3 |  3.3

Action                   |  1- 3 |  4- 6 || total
-------------------------+-------+-------++-------
Melee: Unarmed           |     8 |    10 ||    18
       Bite              |     1 |       ||     1
 Cast: Foxfire           |    24 |    53 ||    77
       Scorch            |    13 |    52 ||    65
  Use: Scroll            |       |     9 ||     9
       Potion            |       |     3 ||     3
Armor: Skin              |     1 |     1 ||     2
Dodge: Dodged            |    13 |    36 ||    49

Table legend: (Time is in decaauts)
 A = Elapsed time spent in this place.
 B = Non-inter-level travel time spent in this place.
 C = Inter-level travel time spent in this place.
 D = Time resting spent in this place.
 E = Time spent auto-exploring this place.
 F = Levels seen in this place.
 G = Mean time per level.
                   A        B        C        D        E       F      G
               +--------+--------+--------+--------+--------+-----+--------+
         Total |   5230 |   5140 |     90 |    961 |   3400 |   7 |  747.1 |
       Dungeon |   5165 |   5084 |     81 |    961 |   3379 |   6 |  860.8 |
        Temple |     65 |     56 |      9 |      0 |     20 |   1 |   65.0 |
               +--------+--------+--------+--------+--------+-----+--------+

Top non-repeatable levels by time:
     D:3: 1319 daAuts
     D:2: 1315 daAuts
     D:1: 1189 daAuts
     D:4: 1093 daAuts
     D:5: 229 daAuts
  Temple: 65 daAuts
     D:6: 17 daAuts
